 Dungeon Crawl Stone Soup version 0.29-a0-821-g66395355a5 (webtiles) character file.

Game seed: 602445390312490200

10380 spaghetti the Grappler (level 11, -1/89 HPs)
             Began as a Gnoll Berserker on July 8, 2022.
             Was a Priest of Trog.
             Slain by a yak (12 damage)
             ... on level 11 of the Dungeon.
             The game lasted 00:15:11 (10630 turns).

spaghetti the Grappler (Gnoll Berserker)           Turns: 10630, Time: 00:15:12

Health: -1/89      AC: 11    Str: 22    XL:     11   Next: 61%
Magic:  21/21      EV: 11    Int:  6    God:    Trog [***...]
Gold:   434        SH: 15    Dex: 11    Spells: 23/23 levels left

rFire   + . .      SeeInvis +   a - +1 whip (venom) {mace}
rCold   . . .      Faith    +   J - +2 tower shield {AC+3}
rNeg    . . .      Spirit   .   n - +0 animal skin
rPois   +          Reflect  .   q - +1 hat
rElec   .          Harm     .   k - +0 cloak
rCorr   .          Rampage  .   e - +0 pair of gloves
Will    ++...                   G - +2 pair of boots {Fly}
Stlth   +++.......              c - amulet of faith {!P}
HPRegen 1.00/turn               f - ring of see invisible
MPRegen 0.17/turn               m - ring of poison resistance

@: strong-willed, on berserk cooldown, flying, regenerating
A: fangs 1, strong nose, distributed training, deformed body, fire resistance 1,
inhibited regeneration
a: Renounce Religion, Berserk, Trog's Hand


You were on level 11 of the Dungeon.
You worshipped Trog.
Trog was most pleased with you.
You visited 1 branch of the dungeon, and saw 11 of its levels.

You collected 621 gold pieces.
You spent 187 gold pieces at shops.


Innate Abilities, Weirdness & Mutations

You have very sharp teeth.
Your uncanny sense of smell can sniff out nearby items.
Your experience applies equally to all skills.
Armour fits poorly on your strangely shaped body.
Your flesh is heat resistant. (rF+)
You do not regenerate when monsters are visible.


   Skills:
 + Level 9.4 Fighting
 + Level 6.7 Short Blades
 + Level 6.7 Long Blades
 + Level 6.7 Axes
 + Level 6.7 Maces & Flails
 + Level 6.7 Polearms
 + Level 6.7 Staves
 + Level 6.7 Ranged Weapons
 + Level 6.7 Throwing
 + Level 8.2 Armour
 + Level 8.2 Dodging
 + Level 6.7 Stealth
 + Level 6.7 Shields
 + Level 9.4 Unarmed Combat
 + Level 6.7 Spellcasting
 + Level 5.5 Conjurations
 + Level 5.5 Hexes
 + Level 5.5 Summonings
 + Level 5.5 Necromancy
 + Level 5.5 Translocations
 + Level 5.5 Transmutations
 + Level 5.5 Fire Magic
 + Level 5.5 Ice Magic
 + Level 5.5 Air Magic
 + Level 5.5 Earth Magic
 + Level 5.5 Poison Magic
 + Level 7.3 Invocations
 + Level 6.7 Evocations


You had 23 spell levels left.
You didn't know any spells.
Your spell library contained the following spells:

 Spells                   Type           Power      Damage    Failure   Level
 Static Discharge         Conj/Air       8%         3-4/arc   34%         2
 Ignite Poison            Fire/Tmut/Pois 8%         N/A       56%         3
 Mephitic Cloud           Conj/Pois/Air  8%         N/A       56%         3
 Dispel Undead            Necr           8%         3d8       92%         4
 Sticky Flame             Conj/Fire      8%         2d3       92%         4
 Summon Lightning Spire   Summ/Air       8%         N/A       92%         4
 Freezing Cloud           Conj/Ice/Air   4%         6-21      99%         5
 Lightning Bolt           Conj/Air       4%         1d15      99%         5
 Storm Form               Tmut/Air       4%         N/A       100%        7
 Maxwell's Capacitive Co  Air            4%         ∞         100%        8

Inventory:

Hand Weapons
 a - a +1 whip of venom (weapon) {mace}
   (You took it off a kobold on level 2 of the Dungeon)
 b - the +6 sling "Diywap" {flame, Int+3}
   (You found it on level 2 of the Dungeon)

   Any ammunition fired from it burns those it strikes, dealing additional fire
   damage.
   Int:       It affects your intelligence (+3).
 j - a +1 dagger of protection {short}
   (You took it off a goblin on level 1 of the Dungeon)
 s - a +2 dagger of venom {short}
   (You took it off Jessica on level 3 of the Dungeon)
 E - a +0 dire flail of venom {mace}
   (You took it off Edmund on level 4 of the Dungeon)
 L - a +4 scimitar of flaming {long}
   (You took it off Erica on level 8 of the Dungeon)
Missiles
 i - 16 stones (quivered) {throwing}
 r - 5 javelins {throwing}
 u - 17 poisoned darts {throwing}
 v - 10 boomerangs {throwing}
 H - 2 curare-tipped darts {=fthrowing}
Armour
 e - a +0 pair of gloves (worn)
   (You found it on level 1 of the Dungeon)
 k - a +0 cloak (worn)
   (You found it on level 1 of the Dungeon)
 n - a +0 animal skin (worn)
 q - a +1 hat (worn)
   (You found it on level 2 of the Dungeon)
 G - a +2 pair of boots of flying (worn)
   (You found it on level 4 of the Dungeon)
 J - a +2 tower shield of protection (worn)
   (You bought it in a shop on level 6 of the Dungeon)
 O - a +0 troll leather armour
   (You found it on level 9 of the Dungeon)
Jewellery
 c - an amulet of faith (around neck) {!P}
   (You found it on level 2 of the Dungeon)
 f - a ring of see invisible (left hand)
   (You found it on level 1 of the Dungeon)
 m - a ring of poison resistance (right hand)
   (You found it on level 5 of the Dungeon)
 D - an amulet of magic regeneration {@e2}
   (You found it on level 6 of the Dungeon)
Scrolls
 d - 3 scrolls of vulnerability {!r!r}
 o - 3 scrolls of teleportation {@r4}
 t - a scroll of enchant weapon
 y - a scroll of magic mapping {!r}
 B - a scroll of torment {!r}
 F - a scroll of enchant armour
 I - 2 scrolls of fog
 M - 2 scrolls of blinking {!r}
 P - a scroll of immolation {!r!r}
 Q - a scroll of amnesia
Potions
 g - a potion of heal wounds {@q2}
 h - 2 potions of berserk rage {!q}
 l - 5 potions of curing {@q1}
 p - a potion of invisibility
 w - 3 potions of degeneration {!q@e2}
 z - 2 potions of lignification {!q}
 A - a potion of haste {@q3}
 C - 3 potions of attraction {!q}
 N - a potion of brilliance {unknown}
 R - a potion of cancellation {unknown}

Dungeon Overview and Level Annotations

Branches:
Dungeon (11/15) Zot: 26963  Temple (0/1) D:6            Lair (0/6) D:9
    Orc: D:9-12

Altars:
Ashenzari
Elyvilon
Fedhas
Gozag
Hepliaklqana
Nemelex Xobeh
Okawaru
Ru
Sif Muna
Trog
Uskayaw
Vehumet
Wu Jian
Xom
Yredelemnul

Shops:
D:6

* .. ∆ ... ....
.
..$.#########..
..........<..
...........
#...(.....
#.@.# #Y†Y#
#######...#
...!......#
...............
########.......
#...#### #...#
#...#


You could see 2 yaks.


Message History

Your centaur wields a +0 shortbow.
Your centaur shoots an arrow.
The arrow hits the cyclops! 😨 HP[+2]
You regained 2 hp, and now have 24/89 hp.
You swap places.
Your centaur wields a +0 shortbow.
Your centaur shoots an arrow.
The arrow completely misses the cyclops.
Your yak gores the cyclops!
The cyclops hits your yak!
Your yak gores the cyclops.
Your centaur unwields a +0 shortbow.
Your centaur barely misses the cyclops.
Your centaur kicks the cyclops but does no damage.
You see here a yak corpse. 😨 HP[+1] Unknown command.
Your centaur shoots an arrow.
The arrow hits the cyclops.
Your centaur hits the cyclops.
Your centaur barely misses the cyclops.
The cyclops hits your yak!
Your centaur hits the cyclops.
Your centaur kicks the cyclops but does no damage. 😨 HP[+2]
You regained 2 hp, and now have 27/89 hp.
Unknown command.
Unknown command.
Your centaur hits the cyclops.
Your centaur kicks the cyclops.
Your yak gores the cyclops but does no damage.
Your cyclops hits the cyclops! The cyclops hits your centaur!!
Your centaur dies!
Your centaur's corpse dissolves into shadows!
Your centaur wields a +0 shortbow.
Your centaur shoots an arrow.
The arrow completely misses the cyclops.
Your centaur unwields a +0 shortbow.
Your centaur hits the cyclops but does no damage.
Your centaur kicks the cyclops.
The cyclops dies!
Trog accepts your kill. 😨 HP[+1] Unknown command.
Unknown command.
(D) Dungeon (T) Temple (L) Lair
Where to? (Enter - D:10, ? - help)
You swap places.
You feel the effects of Trog's Hand fading.
You see here a yak corpse.
You swap places.
Your yak dissolves into shadows! x2
There is a stone staircase leading up here.
You fly upwards.
Your summoned allies are left behind.
The yak gores you.
* * * LOW HITPOINT WARNING * * *
The yak barely misses you. You block the yak's attack.
The yak closely misses you.
There is a stone staircase leading down here.
Unknown command. 😨 HP[+6] MP[+1]
You regained 6 hp, and now have 34/89 hp.
Your mp is fully restored (21).
Unknown command.
Unknown command.
Your skin stops crawling.
You feel less strong-willed.
You block the yak's attack. x2; The yak gores you but does no damage.
You fly downwards.
There is a stone staircase leading up here.
Unknown command.
Unknown command.
You hit the yak but do no damage.
The yak is poisoned.
You feel yourself speed up. The yak barely misses you.
The yak closely misses you. The yak gores you.
* * * LOW HITPOINT WARNING * * *
You block the yak's attack. 😨 HP[-1]
You take 1 damage, and now have 33/89 hp.
You barely miss the yak. The yak barely misses you. You block the yak's attack.
You completely miss the yak. The yak gores you.
* * * LOW HITPOINT WARNING * * *
The yak closely misses you. 😨 HP[-6]
You take 6 damage, and now have 27/89 hp.
You hit the yak. You block the yak's attack. The yak closely misses you.
You closely miss the yak. The yak barely misses you.
You block the yak's attack.
Your skin crawls.
You feel strong-willed. The yak gores you!
* * * LOW HITPOINT WARNING * * *
You block the yak's attack. 😱 HP[-6]
You take 6 damage, and now have 21/89 hp.
You closely miss the yak. The yak gores you!
* * * LOW HITPOINT WARNING * * *
The yak barely misses you. 😱 HP[-12]
You take 12 damage, and now have 9/89 hp.
You hit the yak but do no damage.
The yak looks even sicker.
You block the yak's attack. x2 😱 HP[+1]
You hit the yak but do no damage.
The yak looks as sick as possible!
You bite the yak, but do no damage. You block the yak's attack.
The yak gores you!
You die...

Skill      XL: |  1  2  3  4  5  6  7  8  9 10 11 |
---------------+----------------------------------+-----
Invocations    | 1 2 3 4 5 6 7 |  7.3
Short Blades   | 1 2 3 5 6 |  6.7
Long Blades    | 1 2 3 5 6 |  6.7
Axes           | 1 2 3 5 6 |  6.7
Maces & Flails | 1 2 3 5 6 |  6.7
Polearms       | 1 2 3 5 6 |  6.7
Staves         | 1 2 3 5 6 |  6.7
Ranged Weapons | 1 2 3 5 6 |  6.7
Throwing       | 1 2 3 5 6 |  6.7
Stealth        | 1 2 3 5 6 |  6.7
Shields        | 1 2 3 5 6 |  6.7
Spellcasting   | 1 2 3 5 6 |  6.7
Evocations     | 1 2 3 5 6 |  6.7
Conjurations   | 1 2 3 4 5 |  5.5
Hexes          | 1 2 3 4 5 |  5.5
Summonings     | 1 2 3 4 5 |  5.5
Necromancy     | 1 2 3 4 5 |  5.5
Translocations | 1 2 3 4 5 |  5.5
Transmutations | 1 2 3 4 5 |  5.5
Fire Magic     | 1 2 3 4 5 |  5.5
Ice Magic      | 1 2 3 4 5 |  5.5
Air Magic      | 1 2 3 4 5 |  5.5
Earth Magic    | 1 2 3 4 5 |  5.5
Poison Magic   | 1 2 3 4 5 |  5.5
Armour         | 5 6 7 8 |  8.2
Dodging        | 5 6 7 8 |  8.2
Fighting       | 7 8 9 |  9.4
Unarmed Combat | 7 8 9 |  9.4

Action                   |  1- 3 |  4- 6 |  7- 9 | 10-12 || total
-------------------------+-------+-------+-------+-------++-------
Melee: Unarmed           |    34 |       |       |       ||    34
       Bite              |    10 |     5 |    30 |    46 ||    91
       Punch             |     3 |     1 |     1 |       ||     5
       Dagger            |    39 |       |       |       ||    39
       Whip              |    21 |    52 |    80 |   362 ||   515
       Dire flail        |       |       |   137 |       ||   137
 Fire: Sling             |       |    28 |    35 |       ||    63
Throw: Stone             |    11 |     3 |    28 |    24 ||    66
       Javelin           |       |       |    10 |       ||    10
Invok: Berserk           |     2 |     3 |     6 |    10 ||    21
       Trog's Hand       |       |       |     2 |     8 ||    10
       Brothers in Arms  |       |       |       |     2 ||     2
  Use: Scroll            |       |       |    15 |     9 ||    24
       Potion            |       |       |     3 |     6 ||     9
 Stab: Sleeping          |       |       |     1 |     2 ||     3
Armor: Animal skin       |    30 |    12 |    73 |   113 ||   228
       Skin              |       |       |       |     6 ||     6
Dodge: Dodged            |    91 |    31 |   154 |   162 ||   438
Block: Tower shield      |       |       |    28 |   330 ||   358

Levels and vault maps discovered:
D:1:      scummos_arrival_simple_crosswalls, layout_rooms,
          minmay_misc_feat_four_crosses, minmay_misc_feat_tiny
D:2:      layout_rooms, basic_ecumenical_altar
D:3:      layout_loops_ring, nicolae_overflow_hallway_of_the_gods,
          nicolae_overflow_crystal_walls, hex_large, uniq_grinder, uniq_terence,
          uniq_jessica
D:4:      layout_basic, uniq_edmund
D:5:      layout_basic, yredelemnul_forgotten_temple_becter,
          chequers_serial_rivers_micro_e, eino_small_chamber_without_monster,
          uniq_menkaure
D:6:      layout_basic, minmay_temple_entry_large_hall, serial_shops,
          kennysheep_little_box, gup_sewer_entry_glass
D:7:      layout_basic, gammafunk_temple_overflow_pools
D:8:      layout_basic, okawaru_trees_2,
          mainiacjoe_overflow_concentric_impassable,
          mainiacjoe_overflow_six_doors_small, minmay_misc_feat_roman,
          uniq_erica
D:9:      layout_irregular_city, dpeg_oklobed_lair, minmay_tree_intersection
D:10:     nicolae_hexawheel, layout_rooms, serial_shops, nicolae_shop_stone,
          nicolae_shop_bloodbath_and_beyond, uniq_josephine
D:11:     layout_long_grid, orc_0_dummy, trog_hazing_becter

Notes
Turn   | Place    | Note
-------+----------+-------------------------------------------
     0 | D:1      | spaghetti the Gnoll Berserker began the quest for the Orb.
     0 | D:1      | Reached XP level 1. HP: 23/23 MP: 1/1
     0 | D:1      | magus.rc [v1.9.6]
   193 | D:1      | Reached XP level 2. HP: 25/29 MP: 2/2
   238 | D:1      | You add the spells Ignite Poison, Mephitic Cloud and
                  | Freezing Cloud to your library.
   594 | D:1      | Reached XP level 3. HP: 27/35 MP: 3/3
   840 | D:2      | Reached skill level 1 in Invocations
  1129 | D:2      | Reached skill level 1 in Short Blades
  1129 | D:2      | Reached skill level 1 in Long Blades
  1129 | D:2      | Reached skill level 1 in Axes
  1129 | D:2      | Reached skill level 1 in Maces & Flails
  1129 | D:2      | Reached skill level 1 in Polearms
  1129 | D:2      | Reached skill level 1 in Staves
  1129 | D:2      | Reached skill level 1 in Ranged Weapons
  1129 | D:2      | Reached skill level 1 in Throwing
  1129 | D:2      | Reached skill level 1 in Stealth
  1129 | D:2      | Reached skill level 1 in Shields
  1129 | D:2      | Reached skill level 1 in Spellcasting
  1129 | D:2      | Reached skill level 1 in Evocations
  1132 | D:2      | Reached ** piety under Trog
  1133 | D:2      | Reached XP level 4. HP: 35/41 MP: 5/5
  1394 | D:2      | Found a faded altar of an unknown god.
  1436 | D:2      | Identified the +6 sling "Diywap" {flame, Int+3}
  1531 | D:3      | Noticed Jessica
  1534 | D:3      | Noticed Grinder
  1536 | D:3      | Killed Jessica
  1537 | D:3      | Reached skill level 1 in Conjurations
  1537 | D:3      | Reached skill level 1 in Hexes
  1537 | D:3      | Reached skill level 1 in Summonings
  1537 | D:3      | Reached skill level 1 in Necromancy
  1537 | D:3      | Reached skill level 1 in Translocations
  1537 | D:3      | Reached skill level 1 in Transmutations
  1537 | D:3      | Reached skill level 1 in Fire Magic
  1537 | D:3      | Reached skill level 1 in Ice Magic
  1537 | D:3      | Reached skill level 1 in Air Magic
  1537 | D:3      | Reached skill level 1 in Earth Magic
  1537 | D:3      | Reached skill level 1 in Poison Magic
  1542 | D:3      | Killed Grinder
  1543 | D:3      | Reached skill level 2 in Short Blades
  1543 | D:3      | Reached skill level 2 in Long Blades
  1543 | D:3      | Reached skill level 2 in Axes
  1543 | D:3      | Reached skill level 2 in Maces & Flails
  1543 | D:3      | Reached skill level 2 in Polearms
  1543 | D:3      | Reached skill level 2 in Staves
  1543 | D:3      | Reached skill level 2 in Ranged Weapons
  1543 | D:3      | Reached skill level 2 in Throwing
  1543 | D:3      | Reached skill level 5 in Armour
  1543 | D:3      | Reached skill level 5 in Dodging
  1543 | D:3      | Reached skill level 2 in Stealth
  1543 | D:3      | Reached skill level 2 in Shields
  1543 | D:3      | Reached skill level 2 in Spellcasting
  1543 | D:3      | Reached skill level 2 in Invocations
  1543 | D:3      | Reached skill level 2 in Evocations
  1543 | D:3      | Reached XP level 5. HP: 47/47 MP: 5/8
  1543 | D:3      | Reached XP level 6. HP: 53/53 MP: 5/9
  1625 | D:3      | Found a sacrificial altar of Ru.
  1627 | D:3      | Found an opulent altar of Gozag.
  1642 | D:3      | Noticed Terence
  1649 | D:3      | Killed Terence
  1898 | D:3      | Found a hide-covered altar of Uskayaw.
  1900 | D:3      | Found a sparkling altar of Nemelex Xobeh.
  1902 | D:3      | Found a hazy altar of Hepliaklqana.
  1903 | D:3      | Found a broken altar of Ashenzari.
  1908 | D:3      | Found a bloodstained altar of Trog.
  1911 | D:3      | Found an ornate altar of the Wu Jian Council.
  2215 | D:3      | Found a shimmering altar of Xom.
  2272 | D:3      | Reached skill level 7 in Fighting
  2272 | D:3      | Reached skill level 7 in Unarmed Combat
  2272 | D:3      | Reached XP level 7. HP: 51/60 MP: 10/10
  2647 | D:4      | Reached skill level 2 in Conjurations
  2647 | D:4      | Reached skill level 2 in Hexes
  2647 | D:4      | Reached skill level 2 in Summonings
  2647 | D:4      | Reached skill level 2 in Necromancy
  2647 | D:4      | Reached skill level 2 in Translocations
  2647 | D:4      | Reached skill level 2 in Transmutations
  2647 | D:4      | Reached skill level 2 in Fire Magic
  2647 | D:4      | Reached skill level 2 in Ice Magic
  2647 | D:4      | Reached skill level 2 in Air Magic
  2647 | D:4      | Reached skill level 2 in Earth Magic
  2647 | D:4      | Reached skill level 2 in Poison Magic
  2837 | D:4      | Reached skill level 3 in Invocations
  3190 | D:4      | Noticed Edmund
  3205 | D:4      | Killed Edmund
  3206 | D:4      | Reached skill level 3 in Short Blades
  3206 | D:4      | Reached skill level 3 in Long Blades
  3206 | D:4      | Reached skill level 3 in Axes
  3206 | D:4      | Reached skill level 3 in Maces & Flails
  3206 | D:4      | Reached skill level 3 in Polearms
  3206 | D:4      | Reached skill level 3 in Staves
  3206 | D:4      | Reached skill level 3 in Ranged Weapons
  3206 | D:4      | Reached skill level 3 in Throwing
  3206 | D:4      | Reached skill level 3 in Stealth
  3206 | D:4      | Reached skill level 3 in Shields
  3206 | D:4      | Reached skill level 3 in Spellcasting
  3206 | D:4      | Reached skill level 3 in Evocations
  3206 | D:4      | Reached XP level 8. HP: 67/67 MP: 12/12
  3419 | D:4      | Reached *** piety under Trog
  3705 | D:5      | Entered Level 5 of the Dungeon
  3823 | D:5      | You pick up a book of Lightning {forbidden} and begin
                  | reading...
  3823 | D:5      | You add the spells Static Discharge, Lightning Bolt and
                  | Maxwell's Capacitive Coupling to your library.
  3919 | D:5      | Found a basalt altar of Yredelemnul.
  4081 | D:5      | Noticed Menkaure
  4089 | D:5      | Killed Menkaure
  4308 | D:5      | Reached skill level 4 in Invocations
  4548 | D:5      | Reached skill level 3 in Conjurations
  4548 | D:5      | Reached skill level 3 in Hexes
  4548 | D:5      | Reached skill level 3 in Summonings
  4548 | D:5      | Reached skill level 3 in Necromancy
  4548 | D:5      | Reached skill level 3 in Translocations
  4548 | D:5      | Reached skill level 3 in Transmutations
  4548 | D:5      | Reached skill level 3 in Fire Magic
  4548 | D:5      | Reached skill level 3 in Ice Magic
  4548 | D:5      | Reached skill level 3 in Air Magic
  4548 | D:5      | Reached skill level 3 in Earth Magic
  4548 | D:5      | Reached skill level 3 in Poison Magic
  4678 | D:5      | Reached skill level 6 in Armour
  4678 | D:5      | Reached skill level 6 in Dodging
  4697 | D:5      | You pick up a book of the Sky {forbidden} and begin
                  | reading...
  4697 | D:5      | You add the spells Summon Lightning Spire and Storm Form to
                  | your library.
  4711 | D:6      | Noticed a yak
  4712 | D:6      | Noticed a yak
  4714 | D:6      | Noticed a yak
  4716 | D:6      | Noticed a yak
  4721 | D:6      | Killed a yak
  4722 | D:6      | Reached XP level 9. HP: 70/73 MP: 14/14
  4730 | D:6      | Reached skill level 4 in Short Blades
  4730 | D:6      | Reached skill level 4 in Long Blades
  4730 | D:6      | Reached skill level 4 in Axes
  4730 | D:6      | Reached skill level 4 in Maces & Flails
  4730 | D:6      | Reached skill level 4 in Polearms
  4730 | D:6      | Reached skill level 4 in Staves
  4730 | D:6      | Reached skill level 4 in Ranged Weapons
  4730 | D:6      | Reached skill level 4 in Throwing
  4730 | D:6      | Reached skill level 4 in Stealth
  4730 | D:6      | Reached skill level 4 in Shields
  4730 | D:6      | Reached skill level 4 in Spellcasting
  4730 | D:6      | Reached skill level 4 in Evocations
  4732 | D:6      | HP: 26/111 [yak (8)]
  5018 | D:6      | HP: 8/74 [steam dragon] (15)]
  5018 | D:6      | HP: 2/74 [steam dragon (3)]
  5023 | D:6      | HP: 17/74 [steam dragon/ball of steam (18)]
  5028 | D:6      | Reached skill level 8 in Fighting
  5028 | D:6      | Reached skill level 8 in Unarmed Combat
  5227 | D:6      | Found a staircase to the Ecumenical Temple.
  5382 | D:6      | Reached skill level 5 in Invocations
  5934 | D:6      | You pick up a book of Touch {forbidden} and begin
                  | reading...
  5934 | D:6      | You add the spells Sticky Flame and Dispel Undead to your
                  | library.
  5935 | D:6      | Found Cistun's Assorted Antiques.
  5940 | D:6      | Bought a shiny tower shield for 187 gold pieces
  6589 | D:7      | Reached skill level 4 in Conjurations
  6589 | D:7      | Reached skill level 4 in Hexes
  6589 | D:7      | Reached skill level 4 in Summonings
  6589 | D:7      | Reached skill level 4 in Necromancy
  6589 | D:7      | Reached skill level 4 in Translocations
  6589 | D:7      | Reached skill level 4 in Transmutations
  6589 | D:7      | Reached skill level 4 in Fire Magic
  6589 | D:7      | Reached skill level 4 in Ice Magic
  6589 | D:7      | Reached skill level 4 in Air Magic
  6589 | D:7      | Reached skill level 4 in Earth Magic
  6589 | D:7      | Reached skill level 4 in Poison Magic
  6929 | D:7      | Found a white marble altar of Elyvilon.
  6929 | D:7      | Found a radiant altar of Vehumet.
  6945 | D:7      | Reached skill level 5 in Short Blades
  6945 | D:7      | Reached skill level 5 in Long Blades
  6945 | D:7      | Reached skill level 5 in Axes
  6945 | D:7      | Reached skill level 5 in Maces & Flails
  6945 | D:7      | Reached skill level 5 in Polearms
  6945 | D:7      | Reached skill level 5 in Staves
  6945 | D:7      | Reached skill level 5 in Ranged Weapons
  6945 | D:7      | Reached skill level 5 in Throwing
  6945 | D:7      | Reached skill level 5 in Stealth
  6945 | D:7      | Reached skill level 5 in Shields
  6945 | D:7      | Reached skill level 5 in Spellcasting
  6945 | D:7      | Reached skill level 5 in Evocations
  6945 | D:7      | Reached XP level 10. HP: 81/81 MP: 17/17
  7401 | D:8      | Reached skill level 7 in Armour
  7401 | D:8      | Reached skill level 7 in Dodging
  7475 | D:8      | Found a blossoming altar of Fedhas.
  7490 | D:8      | Reached **** piety under Trog
  7564 | D:8      | Noticed a two-headed ogre
  7578 | D:8      | Killed a two-headed ogre
  7579 | D:8      | Reached skill level 6 in Invocations
  7742 | D:8      | Gained mutation: You have supernaturally acute eyesight.
                  | (SInv) [potion of mutation]
  7742 | D:8      | Gained mutation: You are clumsy. (Dex -2) [potion of
                  | mutation]
  7743 | D:8      | Lost mutation: You have supernaturally acute eyesight.
                  | (SInv) [potion of mutation]
  7743 | D:8      | Lost mutation: You are clumsy. (Dex -2) [potion of
                  | mutation]
  7743 | D:8      | Gained mutation: You do not regenerate when monsters are
                  | visible. [potion of mutation]
  7743 | D:8      | Gained mutation: Armour fits poorly on your strangely
                  | shaped body. [potion of mutation]
  7743 | D:8      | Gained mutation: Your flesh is heat resistant. (rF+)
                  | [potion of mutation]
  8021 | D:8      | Found a shimmering blue altar of Sif Muna.
  8060 | D:8      | Noticed Erica
  8082 | D:8      | Killed Erica
  8224 | D:8      | Found an iron altar of Okawaru.
  8985 | D:9      | Found a staircase to the Lair.
  9794 | D:10     | Entered Level 10 of the Dungeon
  9811 | D:10     | Reached skill level 9 in Fighting
  9811 | D:10     | Reached skill level 6 in Short Blades
  9811 | D:10     | Reached skill level 6 in Long Blades
  9811 | D:10     | Reached skill level 6 in Axes
  9811 | D:10     | Reached skill level 6 in Maces & Flails
  9811 | D:10     | Reached skill level 6 in Polearms
  9811 | D:10     | Reached skill level 6 in Staves
  9811 | D:10     | Reached skill level 6 in Ranged Weapons
  9811 | D:10     | Reached skill level 6 in Throwing
  9811 | D:10     | Reached skill level 6 in Stealth
  9811 | D:10     | Reached skill level 6 in Shields
  9811 | D:10     | Reached skill level 9 in Unarmed Combat
  9811 | D:10     | Reached skill level 6 in Spellcasting
  9811 | D:10     | Reached skill level 6 in Evocations
  9889 | D:10     | Noticed a two-headed ogre
  9906 | D:10     | Killed a two-headed ogre
  9907 | D:10     | Reached skill level 5 in Conjurations
  9907 | D:10     | Reached skill level 5 in Hexes
  9907 | D:10     | Reached skill level 5 in Summonings
  9907 | D:10     | Reached skill level 5 in Necromancy
  9907 | D:10     | Reached skill level 5 in Translocations
  9907 | D:10     | Reached skill level 5 in Transmutations
  9907 | D:10     | Reached skill level 5 in Fire Magic
  9907 | D:10     | Reached skill level 5 in Ice Magic
  9907 | D:10     | Reached skill level 5 in Air Magic
  9907 | D:10     | Reached skill level 5 in Earth Magic
  9907 | D:10     | Reached skill level 5 in Poison Magic
  9907 | D:10     | Reached XP level 11. HP: 35/89 MP: 20/20
 10182 | D:10     | HP: 19/89 [yak (9)]
 10188 | D:10     | HP: 16/89 [yak (7)]
 10197 | D:10     | HP: 19/89 [yak (7)]
 10519 | D:10     | Noticed a tengu warrior
 10537 | D:10     | Killed a tengu warrior
 10538 | D:10     | Reached skill level 7 in Invocations
 10539 | D:10     | Noticed a boulder beetle
 10546 | D:10     | Reached skill level 8 in Armour
 10546 | D:10     | Reached skill level 8 in Dodging
 10546 | D:10     | HP: 19/89 [meliai/divine providence (15)]
 10606 | D:11     | Noticed a cyclops
 10607 | D:11     | HP: 19/89 [yak (4)]
 10614 | D:11     | Killed a cyclops
 10627 | D:11     | HP: 21/89 [yak (7)]
 10628 | D:11     | HP: 9/89 [yak (13)]
 10630 | D:11     | Slain by a yak

Vanquished Creatures
  2 two-headed ogres
  Erica (D:8)
  A tengu warrior (D:10)
  A troll (D:9)
  A hornet (D:10)
  Grinder (D:3)
  13 yaks
  2 wyverns
  A steam dragon (D:6)
  Menkaure (D:5)
  Edmund (D:4)
  An orc warrior (D:10)
  3 sky beasts
  A black bear (D:7)
  6 ice beasts
  A centaur (D:8)
  A phantom (D:4)
  4 kobold brigands
  A gnoll sergeant (D:9)
  3 necrophages
  6 bullfrogs
  4 scorpions
  5 wights (D:9)
  4 howler monkeys
  A gnoll bouda (D:6)
  3 hounds (D:4)
  7 orc priests
  3 iguanas
  Terence (D:3)
  Jessica (D:3)
  7 orc wizards
  14 gnolls
  9 adders
  3 white imps (D:6)
  A worm (D:3)
  2 dart slugs
  26 orcs
  7 bats
  5 endoplasms
  2 giant cockroaches
  8 goblins
  6 hobgoblins
  15 kobolds
  6 quokkas
  5 ball pythons
  4 frilled lizards
  5 rats
  A spectral orc (D:5)
207 creatures vanquished.

Vanquished Creatures (collateral kills)
  A cyclops (D:11)
  A meliai (D:10)
  4 yaks
  A centaur (D:10)
  2 howler monkeys (D:10)
  2 gnolls (D:9)
11 creatures vanquished.

Grand Total: 218 creatures vanquished

Table legend:
 A = Non-vault XP
 B = Vault XP
 C = Vault XP percentage of total XP
 D = Non-vault monster count
 E = Vault monster count
 F = Vault count percentage of total count
                 A         B        C        D         E       F
            +---------+---------+-------+---------+---------+-------
      Total |   11360 |    3469 |  23.4 |     202 |      16 |   7.3
            +---------+---------+-------+---------+---------+-------
        D:1 |      35 |       0 |   0.0 |      23 |       0 |   0.0
        D:2 |      70 |       0 |   0.0 |      20 |       0 |   0.0
        D:3 |     200 |     342 |  63.1 |      22 |       3 |  12.0
        D:4 |     509 |     166 |  24.6 |      23 |       1 |   4.2
        D:5 |     603 |     170 |  22.0 |      14 |       2 |  12.5
        D:6 |    1894 |       0 |   0.0 |      25 |       0 |   0.0
        D:7 |    1018 |       0 |   0.0 |      15 |       0 |   0.0
        D:8 |    1622 |     818 |  33.5 |      19 |       1 |   5.0
        D:9 |    1402 |       0 |   0.0 |      26 |       0 |   0.0
       D:10 |    3059 |    1973 |  39.2 |      12 |       9 |  42.9
       D:11 |     948 |       0 |   0.0 |       3 |       0 |   0.0
            +---------+---------+-------+---------+---------+-------

Illustrated notes

Table legend:
 A = Kills in this place as a percentage of kills in entire the game.
 B = Kills by you in this place as a percentage of kills by you in the entire game.
 C = Kills by friends in this place as a percentage of kills by friends in the entire game.
 D = Other kills in this place as a percentage of other kills in the entire game.
 E = Experience gained in this place as a percentage of experience gained in the entire game.
 F = Experience gained in this place divided by the number of levels of this place that you have seen.
                   A       B       C       D       E      F
               +-------+-------+-------+-------+-------+----------------------
         Total | 100.0 | 100.0 | 100.0 |   N/A | 100.0 | 1348.1
       Dungeon | 100.0 | 100.0 | 100.0 |   N/A | 100.0 | 1348.1
               +-------+-------+-------+-------+-------+----------------------

Table legend: (Time is in decaauts)
 A = Elapsed time spent in this place.
 B = Non-inter-level travel time spent in this place.
 C = Inter-level travel time spent in this place.
 D = Time resting spent in this place.
 E = Time spent auto-exploring this place.
 F = Levels seen in this place.
 G = Mean time per level.
                   A        B        C        D        E       F      G
               +--------+--------+--------+--------+--------+-----+--------+
         Total |  10901 |  10655 |    246 |    413 |   8584 |  11 |  991.0 |
       Dungeon |  10901 |  10655 |    246 |    413 |   8584 |  11 |  991.0 |
               +--------+--------+--------+--------+--------+-----+--------+

Top non-repeatable levels by time:
     D:9: 1525 daAuts
     D:6: 1499 daAuts
     D:5: 1260 daAuts
     D:4: 1158 daAuts
     D:3: 1097 daAuts
     D:7: 991 daAuts
     D:8: 962 daAuts
    D:10: 856 daAuts
     D:1: 820 daAuts
     D:2: 698 daAuts
    D:11: 31 daAuts
